[Event "ICC tourney 2533 (25 5)"]
[Site "Internet Chess Club"]
[Date "2021.04.24"]
[Round "1"]
[White "MISHRA, ARYAN:K09-15817708"]
[Black "MULLINIX, NICHOLAS:K09-17060845"]
[Result "1-0"]
[ICCResult "Black checkmated"]
[WhiteElo "1356"]
[BlackElo "221"]
[Opening "QGD: 4.Nf3"]
[ECO "D37"]
[NIC "QO.16"]
[Time "11:02:46"]
[PlyCount "51"]
[TimeControl "1500+5"]

1. d4 d5 2. c4 Nf6 3. Nc3 e6 4. Nf3 Bd6 5. e3 O-O 6. Bd3 Bd7 7. O-O Qe7 8.
b3 Nc6 9. c5 Bxc5 10. dxc5 Qxc5 11. Bb2 Qd6 12. Re1 e5 13. e4 dxe4 14. Bxe4
Nxe4 15. Nxe4 Qg6 16. Qxd7 Rac8 17. Nxe5 Nxe5 18. Bxe5 Rcd8 19. Qxc7 h6 20.
Qxb7 Rfe8 21. Bb2 Rd6 22. Nxd6 Rxe1+ 23. Rxe1 Qxd6 24. Re8+ Kh7 25. Qe4+ g6
26. Rh8# { Black checkmated } 1-0

[Event "ICC tourney 2533 (25 5)"]
[Site "Internet Chess Club"]
[Date "2021.04.24"]
[Round "1"]
[White "HAN, JOHNNY:K09-15484292"]
[Black "RISHI VALLISHAYEE, RIBHAV:K09-15499101"]
[Result "1-0"]
[ICCResult "Black resigns"]
[WhiteElo "1522"]
[BlackElo "544"]
[Opening "Ruy Lopez: exchange variation"]
[ECO "C68"]
[NIC "RL.08"]
[Time "11:02:09"]
[PlyCount "65"]
[TimeControl "1500+5"]

1. e4 e5 2. Nf3 Nc6 3. Bb5 a6 4. Bxc6 bxc6 5. Nxe5 Qe7 6. Nf3 Qxe4+ 7. Qe2
Qxe2+ 8. Kxe2 Nf6 9. Re1 Be7 10. Kf1 Nd5 11. a3 O-O 12. c4 Nf4 13. Rxe7 Nd3
14. Nc3 Bb7 15. Rxd7 Nxc1 16. Rxc1 Rac8 17. b4 Rfe8 18. b5 cxb5 19. cxb5 a5
20. b6 cxb6 21. Rxb7 Rc6 22. Re1 Rec8 23. Rbe7 h6 24. Nd4 Rd6 25. Nf5 Rxd2
26. Ng3 Rxc3 27. R7e3 Rcc2 28. R3e2 Rxe2 29. Rxe2 Rc1+ 30. Re1 Rc3 31. Ra1
Kf8 32. Ne4 Rxa3 33. Rxa3 { Black resigns } 1-0

[Event "ICC tourney 2533 (25 5)"]
[Site "Internet Chess Club"]
[Date "2021.04.24"]
[Round "1"]
[White "COLOMBO, DOMINIC:K09-14933967"]
[Black "THIMMASAMUDRAM, SANDEEP:K09-16278356"]
[Result "1-0"]
[ICCResult "Black checkmated"]
[WhiteElo "1960"]
[BlackElo "863"]
[Opening "Ruy Lopez: classical (Cordel) defense"]
[ECO "C64"]
[NIC "RL.01"]
[Time "11:03:26"]
[PlyCount "63"]
[TimeControl "1500+5"]

1. e4 e5 2. Nf3 Nc6 3. Bb5 Bc5 4. O-O d6 5. d4 exd4 6. Nxd4 Ne7 7. Be3 O-O
8. c3 Nxd4 9. cxd4 Bb6 10. Nc3 c6 11. Bd3 d5 12. e5 f6 13. f4 Bc7 14. Qh5
f5 15. Rae1 c5 16. Nb5 cxd4 17. Nxd4 Bb6 18. Rf3 Bxd4 19. Bxd4 Be6 20. Rh3
h6 21. Rg3 Qe8 22. Qxh6 Ng6 23. Rxg6 Qd7 24. Re3 Rac8 25. Rh3 Rc1+ 26. Kf2
Kf7 27. Rxg7+ Ke8 28. Rxd7 Bxd7 29. e6 Bc6 30. Qg7 Rd1 31. Rh7 Rxd3 32.
Qe7# { Black checkmated } 1-0

[Event "ICC tourney 2533 (25 5)"]
[Site "Internet Chess Club"]
[Date "2021.04.24"]
[Round "1"]
[White "WILLIAM MARVIN, MATTHEW:K09-16370802"]
[Black "GUPTA, RANVIR:K09-16547074"]
[Result "1-0"]
[ICCResult "Black checkmated"]
[WhiteElo "1335"]
[BlackElo "166"]
[Opening "Queen's gambit accepted"]
[ECO "D20"]
[NIC "QG.03"]
[Time "11:03:01"]
[PlyCount "45"]
[TimeControl "1500+5"]

1. d4 d5 2. c4 dxc4 3. e3 Nf6 4. Bxc4 Nc6 5. Nf3 e6 6. O-O Bd6 7. Nc3 O-O
8. Qc2 e5 9. dxe5 Nxe5 10. Nxe5 Bxe5 11. h3 Bd6 12. Rd1 Qe8 13. b3 Qe5 14.
f4 Qf5 15. Bd3 Qd7 16. Bb2 Qc6 17. Rac1 Qb6 18. Qf2 Bc5 19. Re1 Re8 20. Nd1
Nd5 21. Qg3 Bd4 22. Bxd4 Qa5 23. Qxg7# { Black checkmated } 1-0

[Event "ICC tourney 2533 (25 5)"]
[Site "Internet Chess Club"]
[Date "2021.04.24"]
[Round "1"]
[White "NGO, BACH:K09-15576043"]
[Black "LIN, SYLVIA:K09-16713708"]
[Result "1-0"]
[ICCResult "Black resigns"]
[WhiteElo "2222"]
[BlackElo "934"]
[Opening "QGD semi-Slav: 5.e3"]
[ECO "D45"]
[NIC "SL.08"]
[Time "11:02:22"]
[PlyCount "49"]
[TimeControl "1500+5"]

1. d4 d5 2. Nf3 e6 3. c4 Nf6 4. Nc3 c6 5. e3 Be7 6. Qc2 Nbd7 7. b3 Qc7 8.
Bb2 b6 9. Rc1 Bd6 10. Be2 e5 11. cxd5 cxd5 12. dxe5 Nxe5 13. Nxe5 Bxe5 14.
Nb5 Qxc2 15. Rxc2 Bxb2 16. Nc7+ Ke7 17. Nxa8 Be5 18. Nc7 Bd7 19. Nb5 a6 20.
Nd4 b5 21. O-O Re8 22. Nc6+ Bxc6 23. Rxc6 Ra8 24. Rfc1 Ne4 25. Bf3 { Black
resigns } 1-0

[Event "ICC tourney 2533 (25 5)"]
[Site "Internet Chess Club"]
[Date "2021.04.24"]
[Round "1"]
[White "EILEEN MILLER, ANNA:K09-16812002"]
[Black "UPADHYAY, PUNYAVRAT:K09-15975172"]
[Result "0-1"]
[ICCResult "White checkmated"]
[WhiteElo "586"]
[BlackElo "1546"]
[Opening "Sicilian defense"]
[ECO "B30"]
[NIC "SI.31"]
[Time "11:02:39"]
[PlyCount "52"]
[TimeControl "1500+5"]

1. e4 c5 2. Nf3 Nc6 3. Nc3 d6 4. Bb5 Bd7 5. Bxc6 Bxc6 6. d4 cxd4 7. Nxd4
Nf6 8. Nxc6 bxc6 9. Bf4 e5 10. Bg5 Be7 11. O-O O-O 12. Re1 h6 13. Bh4 Nd7
14. Bxe7 Qxe7 15. Qg4 Nf6 16. Qg3 Rfe8 17. a4 d5 18. exd5 cxd5 19. Re2 a6
20. Rae1 e4 21. Rd1 Qc5 22. Qe3 Qb4 23. Nxd5 Nxd5 24. Rxd5 Qxb2 25. Qf4
Qb1+ 26. Re1 Qxe1# { White checkmated } 0-1

[Event "ICC tourney 2533 (25 5)"]
[Site "Internet Chess Club"]
[Date "2021.04.24"]
[Round "1"]
[White "ROSE SAFRANEK, VEDA:K09-14975007"]
[Black "KINI, SIDDHARTH:K09-15628986"]
[Result "1-0"]
[ICCResult "Black resigns"]
[WhiteElo "1681"]
[BlackElo "683"]
[Opening "Ruy Lopez: Anderssen variation"]
[ECO "C77"]
[NIC "RL.12"]
[Time "11:01:23"]
[PlyCount "47"]
[TimeControl "1500+5"]

1. e4 e5 2. Nf3 Nc6 3. Bb5 a6 4. Ba4 Nf6 5. d3 d6 6. c3 Bd7 7. O-O g6 8.
Nbd2 Bg7 9. Re1 O-O 10. Nf1 Ne7 11. Bb3 c6 12. d4 Re8 13. Ng5 Rf8 14. Nf3
Qc7 15. Bg5 Rae8 16. Qd2 Nh5 17. Rad1 b5 18. dxe5 Nc8 19. exd6 Qb7 20. e5
Nb6 21. Be7 Rxe7 22. dxe7 Re8 23. e6 Bc8 24. exf7+ { Black resigns } 1-0

[Event "ICC tourney 2533 (25 5)"]
[Site "Internet Chess Club"]
[Date "2021.04.24"]
[Round "1"]
[White "EISENBRAUN, TYLER:K09-30031250"]
[Black "NI, DAVID:K09-16357865"]
[Result "1/2-1/2"]
[ICCResult "Game drawn by mutual agreement"]
[WhiteElo "472"]
[BlackElo "1453"]
[Opening "Réti opening"]
[ECO "A05"]
[NIC "QP.11"]
[Time "11:01:36"]
[PlyCount "92"]
[TimeControl "1500+5"]

1. Nf3 Nf6 2. g3 d5 3. Bg2 e6 4. O-O Nc6 5. d3 Bd7 6. Bg5 Be7 7. c3 h6 8.
Bxf6 Bxf6 9. e4 dxe4 10. dxe4 O-O 11. Na3 Re8 12. Nc4 a6 13. a4 e5 14. Re1
Be6 15. Qxd8 Rexd8 16. Ne3 g6 17. b4 Bg7 18. b5 axb5 19. axb5 Ne7 20. Rxa8
Rxa8 21. h4 Kh7 22. c4 b6 23. Nd2 Nc8 24. Nb3 Bf8 25. Ra1 Rxa1+ 26. Nxa1
Nd6 27. Nac2 Bxc4 28. Nxc4 Nxc4 29. Bf1 Nd2 30. Bd3 Nf3+ 31. Kg2 Nd2 32.
Ne1 Bc5 33. Nf3 Nxf3 34. Kxf3 Kg7 35. Kg2 Kf6 36. f3 h5 37. f4 Be3 38.
fxe5+ Kxe5 39. Bc4 Kf6 40. e5+ Kxe5 41. Bxf7 Kf6 42. Be8 Kg7 43. Kf3 Bc1
44. g4 hxg4+ 45. Kxg4 Kf6 46. Bd7 Bd2 { Game drawn by mutual agreement }
1/2-1/2

[Event "ICC tourney 2533 (25 5)"]
[Site "Internet Chess Club"]
[Date "2021.04.24"]
[Round "1"]
[White "KOLLI, SIVA:K09-16953345"]
[Black "LI, EMMA:K09-16538490"]
[Result "0-1"]
[ICCResult "White checkmated"]
[WhiteElo "181"]
[BlackElo "1342"]
[Opening "King's pawn game"]
[ECO "C50"]
[NIC "IG.03"]
[Time "11:02:55"]
[PlyCount "36"]
[TimeControl "1500+5"]

1. e4 e5 2. Nf3 Nc6 3. Bc4 d6 4. Nc3 Nf6 5. Ng5 Be6 6. Bxe6 fxe6 7. Nxe6
Qe7 8. Nxf8 Rxf8 9. d3 Qf7 10. Qf3 Nd4 11. Qd1 O-O-O 12. Bg5 Qg6 13. h4 h6
14. Be3 Qxg2 15. Rf1 Ng4 16. Qd2 Nf3+ 17. Kd1 Qxf1+ 18. Qe1 Qxe1# { White
checkmated } 0-1

[Event "ICC tourney 2533 (25 5)"]
[Site "Internet Chess Club"]
[Date "2021.04.24"]
[Round "1"]
[White "SANTOSH, AKSHAY:K09-15350106"]
[Black "ELLIE WANG, YINGYUAN:K09-16257406"]
[Result "1-0"]
[ICCResult "Black checkmated"]
[WhiteElo "1484"]
[BlackElo "507"]
[Opening "Ruy Lopez: Berlin defense, Beverwijk variation"]
[ECO "C64"]
[NIC "RL.01"]
[Time "11:01:46"]
[PlyCount "37"]
[TimeControl "1500+5"]

1. e4 e5 2. Nf3 Nc6 3. Bb5 Bc5 4. O-O Nf6 5. c3 Nxe4 6. Re1 Nd6 7. Nxe5
Nxb5 8. Nxc6+ Be7 9. Nxd8 O-O 10. Rxe7 Rxd8 11. Qh5 g6 12. Qxb5 d6 13. Re8+
Rxe8 14. Qxe8+ Kg7 15. d3 a6 16. Bg5 f6 17. Qe7+ Kg8 18. Bxf6 Bf5 19. Qg7#
{ Black checkmated } 1-0

[Event "ICC tourney 2533 (25 5)"]
[Site "Internet Chess Club"]
[Date "2021.04.24"]
[Round "1"]
[White "O NICHOLAS, CLARK:K09-14687296"]
[Black "Y NG, EUGENE:K09-17199947"]
[Result "0-1"]
[ICCResult "White checkmated"]
[WhiteElo "224"]
[BlackElo "1359"]
[Opening "King's Indian, 3.Nf3"]
[ECO "E60"]
[NIC "QP.06"]
[Time "11:02:11"]
[PlyCount "118"]
[TimeControl "1500+5"]

1. d4 Nf6 2. Nf3 g6 3. c4 Bg7 4. e3 d6 5. Nc3 Bg4 6. Bd3 O-O 7. O-O Nc6 8.
Bd2 e5 9. d5 Nb4 10. Bc2 Nxc2 11. Qxc2 Bxf3 12. gxf3 e4 13. fxe4 Ng4 14. f4
Qh4 15. Be1 Nxe3 16. Bxh4 Nxc2 17. Rac1 Ne3 18. Rf3 Nxc4 19. Ne2 Nxb2 20.
Rcf1 f5 21. Ng3 Nc4 22. Rc1 Nd2 23. Rf2 Nxe4 24. Nxe4 fxe4 25. Rxc7 Bd4 26.
Kh1 Bxf2 27. Bxf2 Rxf4 28. Kg2 Raf8 29. Bg3 Rf3 30. Rxb7 e3 31. Rxa7 e2 32.
Re7 Rd3 33. Rxe2 Rxd5 34. h4 Kg7 35. Re7+ Rf7 36. Re6 Rd2+ 37. Kh3 Rxa2 38.
Bxd6 h5 39. Be5+ Kh7 40. Re8 Rf3+ 41. Bg3 Raa3 42. Re7+ Kg8 43. Kg2 Rxg3+
44. Kf2 Raf3+ 45. Ke2 Kf8 46. Re6 Rf7 47. Re5 Re7 48. Rxe7 Kxe7 49. Kf2 Rg4
50. Kf3 Rxh4 51. Kg3 Rg4+ 52. Kh3 Kf6 53. Kh2 Kf5 54. Kh3 Kf4 55. Kh2 Rg3
56. Kh1 Kf3 57. Kh2 Kf2 58. Kh1 Rg4 59. Kh2 Rh4# { White checkmated } 0-1

[Event "ICC tourney 2533 (25 5)"]
[Site "Internet Chess Club"]
[Date "2021.04.24"]
[Round "1"]
[White "SMITH, SILAS:K09-15797197"]
[Black "SHEPARD, KENDALL:K09-16952755"]
[Result "1-0"]
[ICCResult "Black checkmated"]
[WhiteElo "1694"]
[BlackElo "695"]
[Opening "QGA, 4.Nc3"]
[ECO "D24"]
[NIC "QP.08"]
[Time "11:13:47"]
[PlyCount "35"]
[TimeControl "1500+5"]

1. d4 d5 2. c4 Nf6 3. Nc3 dxc4 4. Nf3 Bf5 5. e3 Ne4 6. Bxc4 Nxc3 7. bxc3
Nc6 8. Qb3 e6 9. Qxb7 Ne7 10. Bb5+ c6 11. Bxc6+ Nxc6 12. Qxc6+ Ke7 13. Ba3+
Kf6 14. Bxf8 Rxf8 15. Qc5 Rc8 16. Qe5+ Kg6 17. Qg3+ Kf6 18. Qg5# { Black
checkmated } 1-0

[Event "ICC tourney 2533 (25 5)"]
[Site "Internet Chess Club"]
[Date "2021.04.24"]
[Round "1"]
[White "ROSLIK NEVISTICH, LUCAS:K09-16541246"]
[Black "MA, TRISTAN:K09-15699071"]
[Result "0-1"]
[ICCResult "White checkmated"]
[WhiteElo "234"]
[BlackElo "1367"]
[Opening "two knights defense: Kieseritsky variation"]
[ECO "C58"]
[NIC "KP.01"]
[Time "11:01:40"]
[PlyCount "108"]
[TimeControl "1500+5"]

1. e4 e5 2. Nf3 Nc6 3. Bc4 Nf6 4. Ng5 d5 5. exd5 Na5 6. d3 Nxc4 7. dxc4 h6
8. Nf3 e4 9. Ne5 Bd6 10. Bf4 Qe7 11. Qd4 Bc5 12. Qd2 O-O 13. Nc3 Re8 14.
O-O Bd6 15. Nd3 exd3 16. Rfe1 Qd8 17. Rxe8+ Qxe8 18. Bxd6 cxd6 19. Re1 Qd7
20. Qxd3 Qf5 21. Ne4 Nxe4 22. Rxe4 Bd7 23. g3 Qg6 24. b4 Bf5 25. f3 Bxe4
26. fxe4 Re8 27. c5 dxc5 28. bxc5 Qxe4 29. Qxe4 Rxe4 30. d6 Rd4 31. Kf2 Rd5
32. Ke3 Rxc5 33. Kd3 Rd5+ 34. Ke4 Rxd6 35. c4 Ra6 36. h4 Rxa2 37. Kd5 Rg2
38. c5 Rxg3 39. Kd6 Rc3 40. h5 Rxc5 41. Kxc5 f5 42. Kd6 f4 43. Kc7 f3 44.
Kxb7 f2 45. Kxa7 f1=Q 46. Kb6 Qc4 47. Kb7 Qc5 48. Kb8 Qc6 49. Ka7 Qb5 50.
Ka8 Kf7 51. Ka7 Ke6 52. Ka8 Kd7 53. Ka7 Kc7 54. Ka8 Qb7# { White checkmated
} 0-1

[Event "ICC tourney 2533 (25 5)"]
[Site "Internet Chess Club"]
[Date "2021.04.24"]
[Round "1"]
[White "BRINTON, LEVI:K09-16967461"]
[Black "KUMARAVEL, JAIKIRAN:K09-15581132"]
[Result "0-1"]
[ICCResult "White resigns"]
[WhiteElo "516"]
[BlackElo "1488"]
[Opening "Giuoco Piano"]
[ECO "C54"]
[NIC "IG.02"]
[Time "11:02:10"]
[PlyCount "98"]
[TimeControl "1500+5"]

1. e4 e5 2. Nf3 Nc6 3. Bc4 Bc5 4. c3 Nf6 5. d4 exd4 6. cxd4 Bb4+ 7. Bd2
Bxd2+ 8. Nbxd2 d5 9. exd5 Nxd5 10. Qb3 Nce7 11. O-O O-O 12. Rfe1 c6 13. Bd3
Nf4 14. Bb1 Rb8 15. Qc2 Nfg6 16. Ne5 Bf5 17. Qc3 Nd5 18. Qb3 Be6 19. Nxg6
hxg6 20. Qc2 Qg5 21. Nf3 Qf6 22. Qe2 Bg4 23. Qd3 Bxf3 24. Qxf3 Qxd4 25. Bd3
Rfe8 26. Re4 Rxe4 27. Qxe4 Qxe4 28. Bxe4 Re8 29. Bxd5 cxd5 30. g3 Re2 31.
b3 d4 32. Kf1 d3 33. a3 Rb2 34. Re1 Rxb3 35. Rd1 Rxa3 36. Kg2 Kf8 37. Kf3
d2+ 38. Ke2 Ra2 39. Rxd2 Rxd2+ 40. Kxd2 Ke7 41. Kc3 Kd6 42. Kb4 Ke5 43. f4+
Kf5 44. Kc3 Kg4 45. Kd2 Kh3 46. Ke2 Kxh2 47. g4 Kh3 48. Kf3 a5 49. g5 a4 {
White resigns } 0-1

[Event "ICC tourney 2533 (25 5)"]
[Site "Internet Chess Club"]
[Date "2021.04.24"]
[Round "1"]
[White "HUANG, LULU:K09-15214738"]
[Black "ZIESLER, GAVIN:K09-16208172"]
[Result "1-0"]
[ICCResult "Black checkmated"]
[WhiteElo "1414"]
[BlackElo "364"]
[Opening "King's pawn game"]
[ECO "C50"]
[NIC "IG.03"]
[Time "11:02:14"]
[PlyCount "119"]
[TimeControl "1500+5"]

1. e4 e5 2. Nf3 Nc6 3. Bc4 Nd4 4. Nxd4 exd4 5. O-O Bc5 6. d3 Nf6 7. Bg5 h6
8. Bh4 O-O 9. e5 g5 10. Bg3 Nh5 11. Qxh5 d5 12. exd6 cxd6 13. Qxh6 d5 14.
Bb3 Re8 15. Nd2 Bf5 16. Nf3 g4 17. Nh4 Qd7 18. Nxf5 Qxf5 19. Bh4 Bf8 20.
Qf6 Qxf6 21. Bxf6 Re6 22. Bxd4 Rd8 23. Bxa7 f5 24. c4 dxc4 25. Bxc4 Kf7 26.
Bxe6+ Kxe6 27. Rfe1+ Kf6 28. Rad1 b5 29. a3 Kg5 30. d4 f4 31. Bc5 Bg7 32.
Be7+ Bf6 33. Bxd8 Bxd8 34. Re5+ Kf6 35. Rxb5 Be7 36. d5 Bd6 37. Rb6 Ke5 38.
f3 gxf3 39. gxf3 Bc7 40. Re6+ Kf5 41. Re7 Bd6 42. Rf7+ Ke5 43. h4 Bc5+ 44.
Kg2 Bd4 45. h5 Bxb2 46. a4 Kd6 47. h6 Bc3 48. h7 Bb2 49. Rxf4 Be5 50. Rf5
Bb2 51. a5 Bc3 52. a6 Bd4 53. Rxd4 Kc7 54. h8=Q Kd6 55. Qe5+ Kc5 56. d6+
Kc6 57. Rc4+ Kb6 58. d7 Ka7 59. Qc7+ Kxa6 60. Ra5# { Black checkmated } 1-0

[Event "ICC tourney 2533 (25 5)"]
[Site "Internet Chess Club"]
[Date "2021.04.24"]
[Round "1"]
[White "ALBERT STERN, MATTHEW:K09-16865142"]
[Black "ZHAO, MILES:K09-15597206"]
[Result "0-1"]
[ICCResult "White checkmated"]
[WhiteElo "789"]
[BlackElo "1843"]
[Opening "Sicilian defense"]
[ECO "B20"]
[NIC "SI.48"]
[Time "11:01:57"]
[PlyCount "72"]
[TimeControl "1500+5"]

1. e4 c5 2. Bc4 e6 3. Nf3 Nc6 4. d3 d5 5. exd5 exd5 6. Bb5 Nf6 7. Nc3 Be7
8. Bf4 O-O 9. h3 d4 10. Ne4 Qa5+ 11. c3 Qxb5 12. Nxf6+ Bxf6 13. Qe2 dxc3
14. bxc3 Bxc3+ 15. Bd2 Bxa1 16. O-O Bf6 17. Bf4 Bf5 18. Re1 Bxd3 19. Qe3
Bg6 20. Rf1 Rfe8 21. Qd2 Rad8 22. Qc1 Nd4 23. Nxd4 Bxd4 24. Bg5 Rd6 25. Qf4
Be5 26. Qc1 Rde6 27. Be3 h5 28. Re1 Bd4 29. Kh1 Qd3 30. a4 Bxe3 31. fxe3
Rxe3 32. Rxe3 Rxe3 33. Qg1 Be4 34. Kh2 Qd6+ 35. Kh1 Rxh3+ 36. Qh2 Qxh2# {
White checkmated } 0-1

[Event "ICC tourney 2533 (25 5)"]
[Site "Internet Chess Club"]
[Date "2021.04.24"]
[Round "1"]
[White "S DINGLASAN, MATTHEW:K09-15748615"]
[Black "ARAGONES, PIERO:K09-16941823"]
[Result "1-0"]
[ICCResult "Black checkmated"]
[WhiteElo "1569"]
[BlackElo "607"]
[Opening "Queen's pawn game, Chigorin variation"]
[ECO "D02"]
[NIC "QP.08"]
[Time "11:03:14"]
[PlyCount "65"]
[TimeControl "1500+5"]

1. d4 d5 2. Nf3 Nc6 3. Bf4 Bf5 4. e3 Nf6 5. Bd3 Bxd3 6. cxd3 e6 7. Nbd2 h6
8. O-O Nh5 9. Bg3 g5 10. Ne5 Nxg3 11. hxg3 Nxe5 12. dxe5 Qd7 13. d4 h5 14.
Nf3 g4 15. Nh2 h4 16. Qxg4 c5 17. Rac1 Be7 18. dxc5 Qb5 19. Rc2 Qd3 20.
Rfc1 hxg3 21. Qxg3 Qh7 22. c6 bxc6 23. Rxc6 Bh4 24. Qh3 Qd3 25. Rc8+ Rxc8
26. Rxc8+ Ke7 27. Rxh8 Qd1+ 28. Nf1 Bg5 29. Qg3 f6 30. Rh7+ Kf8 31. exf6
Bxf6 32. Qb8+ Bd8 33. Qxd8# { Black checkmated } 1-0

[Event "ICC tourney 2533 (25 5)"]
[Site "Internet Chess Club"]
[Date "2021.04.24"]
[Round "1"]
[White "BUCHIREDDY, ARYAN:K09-17330263"]
[Black "LIU, BOWEN:K09-15459900"]
[Result "0-1"]
[ICCResult "White resigns"]
[WhiteElo "844"]
[BlackElo "1941"]
[Opening "Sicilian: Alapin's variation (2.c3)"]
[ECO "B22"]
[NIC "SI.47"]
[Time "11:01:54"]
[PlyCount "72"]
[TimeControl "1500+5"]

1. e4 c5 2. c3 Nf6 3. e5 Nd5 4. d4 cxd4 5. cxd4 d6 6. Nf3 Nc6 7. Bb5 Qa5+
8. Nc3 Nxc3 9. Bxc6+ bxc6 10. bxc3 Qxc3+ 11. Bd2 Qd3 12. Rc1 Bd7 13. Rc3
Qa6 14. exd6 exd6 15. Re3+ Be7 16. Bb4 Be6 17. a3 O-O 18. Nd2 Rfe8 19. Qe2
Qxe2+ 20. Rxe2 c5 21. dxc5 dxc5 22. Bc3 c4 23. a4 Rab8 24. O-O Bb4 25. Bxb4
Rxb4 26. Ra1 Reb8 27. Ree1 c3 28. Nf3 c2 29. h3 Rb1 30. Nd2 Rxa1 31. Rxa1
Rd8 32. Kh2 Rxd2 33. Rc1 g6 34. Kg3 Bb3 35. Kf3 Rd1 36. Rxc2 Bxc2 { White
resigns } 0-1

[Event "ICC tourney 2533 (25 5)"]
[Site "Internet Chess Club"]
[Date "2021.04.24"]
[Round "1"]
[White "AHMED JEELANI, SAIF:K09-17150207"]
[Black "TAY, BRIAN:K09-15880655"]
[Result "0-1"]
[ICCResult "White checkmated"]
[WhiteElo "868"]
[BlackElo "1978"]
[Opening "Sicilian: Alapin's variation (2.c3)"]
[ECO "B22"]
[NIC "SI.46"]
[Time "11:03:46"]
[PlyCount "86"]
[TimeControl "1500+5"]

1. e4 c5 2. c3 d5 3. e5 Nc6 4. d4 cxd4 5. cxd4 Qb6 6. Nf3 Bg4 7. b3 Bxf3 8.
Qxf3 Qxd4 9. Nc3 Nxe5 10. Qe3 Qxe3+ 11. Bxe3 e6 12. Bb5+ Nc6 13. O-O Bb4
14. Bd2 Ne7 15. a3 Bd6 16. b4 a6 17. Ba4 b5 18. Bd1 O-O 19. Be3 d4 20. Ne4
Be5 21. Bg5 f6 22. Bh4 Nd5 23. Nc5 Rfe8 24. Bf3 Rad8 25. Rad1 Nb8 26. Be4
g5 27. Bg3 Bxg3 28. fxg3 Ne3 29. Rxf6 Nxd1 30. Nxe6 Rd6 31. Bf5 Ne3 32. g4
Nxf5 33. gxf5 Nd7 34. Rh6 Nf8 35. Nxf8 Rxh6 36. Nd7 Rd6 37. Nc5 d3 38. Ne4
Rxe4 39. a4 d2 40. Kf2 d1=Q 41. Kg3 Qg4+ 42. Kf2 Re2+ 43. Kf1 Qxg2# { White
checkmated } 0-1

[Event "ICC tourney 2533 (25 5)"]
[Site "Internet Chess Club"]
[Date "2021.04.24"]
[Round "1"]
[White "VARGHESE ABHILASH, ALVIN:K09-17188623"]
[Black "GOLDEN, RIPLEY:K09-15557812"]
[Result "0-1"]
[ICCResult "White resigns"]
[WhiteElo "625"]
[BlackElo "1584"]
[Opening "Queen's gambit declined"]
[ECO "D30"]
[NIC "QP.08"]
[Time "11:03:26"]
[PlyCount "44"]
[TimeControl "1500+5"]

1. d4 d5 2. c4 e6 3. cxd5 exd5 4. Nc3 c6 5. e4 Nf6 6. exd5 cxd5 7. Qe2+ Be6
8. Bg5 Be7 9. Bxf6 Bxf6 10. Qb5+ Qd7 11. Qxd7+ Nxd7 12. Bb5 Bxd4 13. Bxd7+
Kxd7 14. Nf3 Bf6 15. O-O Rac8 16. Rab1 b6 17. Nb5 a6 18. Nbd4 Rhe8 19. Ne2
Bf5 20. Rbd1 Rxe2 21. Rxd5+ Ke6 22. Rxf5 Kxf5 { White resigns } 0-1

[Event "ICC tourney 2533 (25 5)"]
[Site "Internet Chess Club"]
[Date "2021.04.24"]
[Round "1"]
[White "MURUGAN AYYAPPAN, AADARSINI:K09-16041583"]
[Black "GIBSON, MICHAEL:K09-17297651"]
[Result "1-0"]
[ICCResult "Black checkmated"]
[WhiteElo "1544"]
[BlackElo "585"]
[Opening "Queen's Pawn"]
[ECO "A41"]
[NIC "QO.17"]
[Time "11:03:26"]
[PlyCount "49"]
[TimeControl "1500+5"]

1. d4 d6 2. Bf4 e5 3. dxe5 Nc6 4. exd6 cxd6 5. e3 Nf6 6. Nf3 Bf5 7. Bd3 d5
8. Bxf5 Bc5 9. O-O g6 10. Bd3 O-O 11. Nc3 Qd7 12. Ne5 Nxe5 13. Bxe5 Ng4 14.
Bf4 d4 15. exd4 Bxd4 16. Bb5 Qf5 17. Qxd4 Rad8 18. Qb4 Qxc2 19. Bd6 Rfe8
20. Bxe8 Rxe8 21. Qxg4 h5 22. Qd7 Qd3 23. Qxe8+ Kh7 24. Be5 Qf5 25. Qh8# {
Black checkmated } 1-0

[Event "ICC tourney 2533 (25 5)"]
[Site "Internet Chess Club"]
[Date "2021.04.24"]
[Round "1"]
[White "CHEN, RYAN:K09-15881198"]
[Black "NADYRSHIN, IMRAN:K09-17245693"]
[Result "1-0"]
[ICCResult "Black checkmated"]
[WhiteElo "1333"]
[BlackElo "163"]
[Opening "Scandinavian (center counter) defense"]
[ECO "B01"]
[NIC "SD.01"]
[Time "11:04:04"]
[PlyCount "109"]
[TimeControl "1500+5"]

1. e4 d5 2. exd5 Qxd5 3. Nc3 Qa5 4. d4 c6 5. Nf3 Nf6 6. Be2 Bf5 7. O-O e6
8. Bg5 Be7 9. a3 O-O 10. b4 Qc7 11. Bh4 h6 12. Bg3 Qd8 13. Bd3 Bxd3 14.
Qxd3 Nbd7 15. Rad1 Rc8 16. Ne5 Nxe5 17. dxe5 Qxd3 18. Rxd3 b5 19. exf6 Bxf6
20. Ne4 Be7 21. Bd6 Bxd6 22. Rxd6 a6 23. Rfd1 f5 24. Nc5 Ra8 25. Rxc6 Rad8
26. Rxd8 Rxd8 27. g3 Rd1+ 28. Kg2 f4 29. Rxe6 Kf7 30. Rxa6 fxg3 31. hxg3
Rc1 32. a4 bxa4 33. Nxa4 Rxc2 34. b5 Rc8 35. b6 Ke7 36. b7 Rb8 37. Nc5 Kd8
38. Ra8 Kc7 39. Rxb8 Kxb8 40. Kf3 Kc7 41. Kg4 Kb8 42. Kh5 Ka7 43. Kg6 Kb6
44. b8=Q+ Kxc5 45. Kxg7 h5 46. Qe5+ Kc4 47. Qxh5 Kc3 48. f4 Kd4 49. f5 Kd5
50. f6+ Kd6 51. f7 Ke6 52. f8=Q Kd7 53. Qff7+ Kc8 54. Qc5+ Kb8 55. Qcf8# {
Black checkmated } 1-0

[Event "ICC tourney 2533 (25 5)"]
[Site "Internet Chess Club"]
[Date "2021.04.24"]
[Round "1"]
[White "ROGER JONES, DANIEL:K09-16813540"]
[Black "NAVEEN, AARUSH:K09-16031675"]
[Result "0-1"]
[ICCResult "White checkmated"]
[WhiteElo "684"]
[BlackElo "1686"]
[Opening "Grünfeld: Stockholm variation"]
[ECO "D80"]
[NIC "GI.03"]
[Time "11:03:26"]
[PlyCount "92"]
[TimeControl "1500+5"]

1. d4 Nf6 2. c4 g6 3. Nc3 d5 4. Bg5 Ne4 5. Nxe4 dxe4 6. Qc2 Qxd4 7. Be3 Qe5
8. Rd1 Bg7 9. Qd2 O-O 10. g3 Nc6 11. Bg2 Qxb2 12. Qxb2 Bxb2 13. Bxe4 Ne5
14. Nf3 Nxc4 15. Nd2 Bc3 16. O-O Nxe3 17. fxe3 Ba5 18. Nc4 Bb6 19. Nxb6
cxb6 20. Rc1 Bh3 21. Rfd1 Rac8 22. Rxc8 Rxc8 23. Bxb7 Rc2 24. Kf2 Rxa2 25.
Rd7 Bxd7 26. Bd5 e6 27. Bxa2 a5 28. Ke1 Kf8 29. Kd2 Ke7 30. Kc3 Kd6 31. Bc4
b5 32. Bd3 Kc5 33. Be4 b4+ 34. Kb3 a4+ 35. Ka2 Kc4 36. Kb2 a3+ 37. Ka2 Kc3
38. h4 Ba4 39. g4 Bb3+ 40. Kb1 a2+ 41. Ka1 Bc4 42. Bd3 Bxd3 43. exd3 Kb3
44. e4 Ka3 45. d4 b3 46. d5 b2# { White checkmated } 0-1

[Event "ICC tourney 2533 (25 5)"]
[Site "Internet Chess Club"]
[Date "2021.04.24"]
[Round "1"]
[White "ELIAS FALL, KHADIM:K09-15886147"]
[Black "KRISHNAN, SAATVIK:K09-15210955"]
[Result "0-1"]
[ICCResult "White checkmated"]
[WhiteElo "753"]
[BlackElo "1797"]
[Opening "Sicilian: closed, 2...Nc6"]
[ECO "B23"]
[NIC "SI.44"]
[Time "11:01:22"]
[PlyCount "84"]
[TimeControl "1500+5"]

1. e4 c5 2. Nc3 Nc6 3. Nf3 d6 4. Bb5 g6 5. O-O Bg7 6. Qe2 Nf6 7. Nd5 O-O 8.
Nxf6+ Bxf6 9. d3 Bg4 10. h3 Bxf3 11. Qxf3 Nd4 12. Qe3 Nxb5 13. Bd2 Nd4 14.
Rac1 Bg7 15. c3 Nc6 16. a3 b5 17. Rfe1 Na5 18. Rc2 Nb3 19. Re2 Nxd2 20.
Rcxd2 a5 21. d4 Qb6 22. d5 b4 23. cxb4 axb4 24. axb4 Qxb4 25. b3 Be5 26. f4
Bd4 27. Rxd4 Qxd4 28. Qxd4 cxd4 29. Rd2 Ra3 30. b4 d3 31. b5 Rb8 32. Kf2
Rxb5 33. Ke3 Rbb3 34. e5 Rc3 35. exd6 exd6 36. Rb2 Rc2 37. Rb8+ Kg7 38. Rd8
d2+ 39. Ke2 Rd3 40. Kxd3 d1=Q+ 41. Ke3 Qe2+ 42. Kd4 Rc4# { White checkmated
} 0-1